 Dungeon Crawl Stone Soup version 0.31-a0-596-g831eee08f1 (webtiles) character file.

Game seed: 7029323485222947909

4 thirtiethelement the Trooper (level 1, -3/18 HPs)
             Began as a Demonspawn Cinder Acolyte on Aug 20, 2023.
             Was a High Priest of Ignis.
             Slain by a gnoll
             ... wielding a +0 flail
              (4 damage)
             ... on level 2 of the Dungeon.
             The game lasted 00:00:24 (85 turns).

thirtiethelement the Trooper (DsCA)                   Turns: 85, Time: 00:00:25

Health: -3/18      AC:  2    Str: 14    XL:     1   Next: 50%
Magic:  2/2        EV: 11    Int: 15    God:    Ignis [*****.]
Gold:   0          SH:  0    Dex:  8    Spells: 2/2 levels left

rFire   + . .        a - -1 falchion (flame)
rCold   . . .        (no shield)
rNeg    . . .        b - +0 robe
rPois   .            (no helmet)
rElec   .            (no cloak)
rCorr   .            (no gloves)
SInv    .            (no boots)
Will    .....        (no amulet)
Stlth   +            (no ring)
HPRegen 0.23/turn    (no ring)
MPRegen 0.08/turn

%: no passive effects
@: no status effects
A: no striking features
a: Renounce Religion, Fiery Armour, Foxfire Swarm, Rising Flame


You were on level 2 of the Dungeon.
You worshipped Ignis.
Ignis was extremely pleased with you.
You visited 1 branch of the dungeon, and saw 2 of its levels.

Inventory:

Hand Weapons
 a - a -1 falchion of flaming (weapon)
Armour
 b - a +0 robe (worn)
Potions
 c - a potion of invisibility {unknown}


   Skills:
 + Level 3.2 Fighting
 + Level 2.8 Long Blades
 + Level 1.0 Spellcasting
 + Level 2.6 Fire Magic


You had 2 spell levels left.
You didn't know any spells.
Your spell library contained the following spells:

 Spells                   Type           Power      Damage    Failure   Level
 Scorch                   Fire           16%        2d5       12%         2


Dungeon Overview and Level Annotations

Branches:
Dungeon (2/15)

Altars:


Message History

You kill the hobgoblin!
You hit the gnoll. You burn the gnoll. You punch the gnoll.
The gnoll is heavily wounded.
The gnoll hits you with a +0 club!
You are too injured to fight recklessly!
You are too injured to fight recklessly!
You are too injured to fight recklessly!
You are too injured to fight recklessly!
The gnoll attacks as it pursues you! The gnoll barely misses you.
A jackal comes into view.
The jackal barks!
A jackal comes into view.
The jackal bites you. The jackal barely misses you.
The jackal barks!
You closely miss the jackal. The jackal misses you.
The jackal closely misses you. x2
You hit the jackal but do no damage. The jackal closely misses you.
The jackal bites you. The gnoll barely misses you.
The gnoll closely misses you.
You hit the jackal. You burn the jackal.
The jackal is almost dead.
The jackal barely misses you. The jackal closely misses you.
The jackal misses you. The jackal closely misses you.
The gnoll hits you but does no damage. The gnoll hits you with a +0 club.
* * * LOW HITPOINT WARNING * * *
You closely miss the jackal.
The jackal is almost dead.
The jackal barely misses you. The jackal bites you.
* * * LOW HITPOINT WARNING * * *
The gnoll closely misses you. The jackal barely misses you.
The jackal misses you.
You miss the jackal.
The jackal is almost dead.
The jackal bites you.
* * * LOW HITPOINT WARNING * * *
The jackal bites you.
* * * LOW HITPOINT WARNING * * *
The gnoll hits you with a +0 flail.
You die...

.... ... #..##.#
#...#.##############
..................# .
#..............# ..
#..............#
##.###..............#
#.........>..w.gh...#
#..####........h@...#
.. #........(..gg...#
. #.##.............#
#.##.............#
#.##.............#
#.##.............#
..################
###


You could see 3 gnolls, a dart slug and 2 jackals.

Vanquished Creatures
  A ball python (D:1)
  A hobgoblin (D:2)
  A kobold (D:1)
3 creatures vanquished.

Notes
Turn   | Place    | Note
-------+----------+-------------------------------------------
     0 | D:1      | thirtiethelement the Demonspawn Cinder Acolyte began the
                  | quest for the Orb.
     0 | D:1      | Reached XP level 1. HP: 18/18 MP: 2/2
    46 | D:1      | You fall into a shaft and drop 1 floor!
    85 | D:2      | Slain by a gnoll

Illustrated notes

Levels and vault maps discovered:
D:1:      orjb1_clovarrival, layout_basic, minmay_misc_feat_tiny,
          interstate_on_off
D:2:      layout_basic, serial_shops, nicolae_shop_tiny_statue_garden

Action                     || total
---------------------------++-------
  Melee: Falchion          ||    15
         Punch             ||     1
 Armour: Robe              ||     3
  Dodge: Dodged            ||    22

Table legend: (Time is in decaauts)
 A = Elapsed time spent in this place.
 B = Non-inter-level travel time spent in this place.
 C = Inter-level travel time spent in this place.
 D = Time resting spent in this place.
 E = Time spent auto-exploring this place.
 F = Levels seen in this place.
 G = Mean time per level.
                   A        B        C        D        E       F      G
               +--------+--------+--------+--------+--------+-----+--------+
         Total |     90 |     90 |      0 |      0 |     48 |   2 |   45.0 |
       Dungeon |     90 |     90 |      0 |      0 |     48 |   2 |   45.0 |
               +--------+--------+--------+--------+--------+-----+--------+

Top non-repeatable levels by time:
     D:1: 50 daAuts
     D:2: 40 daAuts
